[Event "Duna Kupa (Nõi Nyílt Bajnokság)"]
[Site "Budapest"]
[Date "2015.09.28"]
[Round "6.1"]
[White "Almasi, Istvan"]
[Black "Czebe, Attila"]
[Result "0-1"]
[ECO "B07"]
[WhiteElo "2409"]
[BlackElo "2439"]
[PlyCount "116"]
[EventDate "2015.09.23"]
[EventType "swiss"]
[EventRounds "9"]
[EventCountry "HUN"]
[TimeControl "6000+790"]
[WhiteClock "0:12:48"]
[BlackClock "0:25:03"]

1. d4 d6 2. e4 Nf6 3. Nc3 e5 4. dxe5 dxe5 5. Qxd8+ Kxd8 6. Bg5 Be6 7. O-O-O+
Nbd7 8. f4 exf4 9. Nf3 Kc8 10. Bxf4 Bc5 11. h3 Nh5 12. Bh2 Be3+ 13. Kb1 Bf4 14.
g4 Bxh2 15. Rxh2 Nf4 16. Nd5 Ng6 17. Nd4 c6 18. Ne3 Nge5 19. Rf2 Kc7 20. Nef5
Rhg8 21. Nxe6+ fxe6 22. Nd4 Rae8 23. g5 Rgf8 24. Rxf8 Nxf8 25. Be2 Nf7 26. h4
Ne5 27. Kc1 Re7 28. Kd2 Nfg6 29. h5 Nf4 30. Ke3 Rf7 31. Rg1 Nxe2 32. Kxe2 Kd6
33. b3 Rf4 34. Ke3 Rh4 35. h6 Rh3+ 36. Ke2 gxh6 37. gxh6 Ng6 38. Rf1 Ke7 39.
Nf3 Rxh6 40. Rg1 Rh5 41. a4 a5 42. c3 Kf6 43. b4 b6 44. Rb1 Ne5 45. bxa5 bxa5
46. Rf1 Nxf3 47. Rxf3+ Ke5 48. Kd3 Rh4 49. Rg3 h6 50. Rg6 Rxe4 51. Rxh6 Rxa4
52. Rh5+ Kd6 53. Kc2 e5 54. Rh8 Rg4 55. Rd8+ Kc5 56. Re8 Kd5 57. Rd8+ Kc4 58.
Kb2 Rg2+ 0-1

[Event "Duna Kupa (Nõi Nyílt Bajnokság)"]
[Site "Budapest"]
[Date "2015.09.28"]
[Round "6.2"]
[White "Aczel, Gergely"]
[Black "Szeberenyi, Adam"]
[Result "1/2-1/2"]
[ECO "D35"]
[WhiteElo "2494"]
[BlackElo "2378"]
[PlyCount "235"]
[EventDate "2015.09.23"]
[EventType "swiss"]
[EventRounds "9"]
[EventCountry "HUN"]
[TimeControl "6000+1160"]
[WhiteClock "0:02:46"]
[BlackClock "0:18:58"]

1. d4 d5 2. c4 e6 3. Nc3 Nf6 4. cxd5 exd5 5. Bg5 c6 6. e3 Bf5 7. Qf3 Bg6 8.
Bxf6 Qxf6 9. Qxf6 gxf6 10. Kd2 Nd7 11. Bd3 Bxd3 12. Kxd3 Rg8 13. g3 f5 14. Nf3
Nf6 15. Ke2 Ne4 16. Rhc1 Be7 17. Na4 Kf8 18. Rab1 Kg7 19. Ne5 Rge8 20. Nd3 Bf6
21. Nac5 Re7 22. Kd1 Rae8 23. Rc2 Nd6 24. Rbc1 Rd8 25. Nb3 Rde8 26. Nd2 Ne4 27.
Nf3 Nd6 28. b3 Rd8 29. Nf4 Ne4 30. Ke2 Ree8 31. Rg1 Kf8 32. Nh5 Ke7 33. Rgc1
Rg8 34. Kf1 Ke6 35. Kg2 Be7 36. Nf4+ Kf6 37. Ne5 Bf8 38. Nfd3 Be7 39. b4 Nd6
40. a4 a6 41. Nc5 Kg7 42. b5 axb5 43. axb5 cxb5 44. Nxb7 Rb8 45. Nc5 Nc4 46.
Nc6 Bxc5 47. dxc5 Rb7 48. Nb4 Rc8 49. c6 Ra7 50. Rc3 Ra4 51. Rb3 Nd2 52. Rb2
Nc4 53. Rb3 Nd2 54. Rd3 Rxb4 55. Rxd2 Rc4 56. Rb1 Rc5 57. Rdb2 R8xc6 58. Rxb5
Rxb5 59. Rxb5 Rd6 60. Rb4 Kf6 61. Rh4 Kg6 62. Kf3 Ra6 63. Rd4 Ra5 64. Rb4 Rc5
65. Rb6+ f6 66. Rd6 Ra5 67. Rd8 Rb5 68. Rg8+ Kf7 69. Rh8 Kg6 70. Ra8 Rc5 71.
Ra2 Rb5 72. Rd2 Ra5 73. Ke2 Kg5 74. h3 h5 75. h4+ Kg6 76. Kd3 Rc5 77. Kd4 Ra5
78. Rb2 Kf7 79. Rd2 Kg6 80. Kc3 Rb5 81. Rb2 Rc5+ 82. Kb4 Rc4+ 83. Kb3 Kf7 84.
Ra2 Rc5 85. Rd2 Ke6 86. Rc2 Rb5+ 87. Kc3 Kf7 88. Ra2 Kg6 89. Rb2 Rc5+ 90. Kb4
Rc4+ 91. Kb3 Rc5 92. Kb4 Rc4+ 93. Kb5 Kf7 94. Ra2 Rc7 95. Kb6 Rc1 96. Kb5 Rc7
97. Rd2 Ke6 98. Kb4 Rc4+ 99. Kb3 Rc5 100. Ra2 Rb5+ 101. Kc3 Kf7 102. Ra4 Rc5+
103. Kb3 Rb5+ 104. Rb4 Rc5 105. Rb7+ Kg6 106. Rb8 Rc1 107. Rb4 Rc5 108. Rd4
Rb5+ 109. Kc3 Kf7 110. Rd2 Rc5+ 111. Kd4 Ra5 112. Rc2 Kg6 113. Rb2 Kf7 114. f3
Ra1 115. Rg2 Rd1+ 116. Kc3 Rf1 117. Kd3 Rd1+ 118. Ke2 1/2-1/2

[Event "Duna Kupa (Nõi Nyílt Bajnokság)"]
[Site "Budapest"]
[Date "2015.09.28"]
[Round "6.3"]
[White "Kantor, Gergely"]
[Black "Hando, Vilmos"]
[Result "1/2-1/2"]
[ECO "E63"]
[WhiteElo "2403"]
[BlackElo "2332"]
[PlyCount "81"]
[EventDate "2015.09.23"]
[EventType "swiss"]
[EventRounds "9"]
[EventCountry "HUN"]
[TimeControl "6000+1130"]
[WhiteClock "0:16:36"]
[BlackClock "0:30:33"]

1. d4 Nf6 2. c4 g6 3. g3 Bg7 4. Bg2 O-O 5. Nc3 d6 6. Nf3 Nc6 7. O-O a6 8. Bf4
Rb8 9. Rc1 Bf5 10. d5 Na7 11. b4 Ne4 12. Nxe4 Bxe4 13. Qd2 Nc8 14. Qe3 Bf5 15.
Nd4 Bd7 16. Rfd1 Ra8 17. c5 Na7 18. Bg5 Re8 19. c6 bxc6 20. dxc6 Bc8 21. Bd5
Nb5 22. Nb3 Bf5 23. a4 Na7 24. Nd4 Qb8 25. Nxf5 gxf5 26. Qb3 e6 27. Bf3 Nc8 28.
e4 fxe4 29. Bxe4 d5 30. Bb1 Nd6 31. Be3 Nc4 32. Bd4 Qd8 33. Qc3 Qg5 34. h4 Bxd4
35. Rxd4 Qg7 36. Bd3 Nd6 37. Re1 f5 38. Bc2 Rab8 39. Qd3 a5 40. b5 Kh8 41. Rd1
1/2-1/2

[Event "Duna Kupa (Nõi Nyílt Bajnokság)"]
[Site "Budapest"]
[Date "2015.09.28"]
[Round "6.5"]
[White "Nemeth, Zoltan"]
[Black "Reznak, Attila"]
[Result "1-0"]
[ECO "D02"]
[WhiteElo "2296"]
[BlackElo "2340"]
[PlyCount "61"]
[EventDate "2015.09.23"]
[EventType "swiss"]
[EventRounds "9"]
[EventCountry "HUN"]
[TimeControl "6000+765"]
[WhiteClock "0:13:06"]
[BlackClock "0:05:15"]

1. d4 d5 2. Nf3 Nf6 3. Nc3 Bf5 4. Nh4 Bg6 5. Nxg6 hxg6 6. Bg5 e6 7. e4 dxe4 8.
Nxe4 Be7 9. Nxf6+ gxf6 10. Be3 Qd6 11. Qd2 Nc6 12. a3 Rh4 13. O-O-O O-O-O 14.
g3 Rh5 15. Bg2 Na5 16. Qd3 c5 17. Qc3 c4 18. d5 b6 19. b4 exd5 20. bxa5 Qxa3+
21. Qxa3 Bxa3+ 22. Kb1 bxa5 23. Bd4 Be7 24. Bf3 Rhh8 25. Bc3 Rd6 26. Rxd5 Rb6+
27. Ka2 a4 28. h4 Rd8 29. Rhd1 Rxd5 30. Bxd5 Rd6 31. Rd4 1-0

[Event "Duna Kupa (Nõi Nyílt Bajnokság)"]
[Site "Budapest"]
[Date "2015.09.28"]
[Round "6.6"]
[White "Madl, Ildiko"]
[Black "Lyell, Mark"]
[Result "1-0"]
[ECO "C06"]
[WhiteElo "2366"]
[BlackElo "2313"]
[PlyCount "101"]
[EventDate "2015.09.23"]
[EventType "swiss"]
[EventRounds "9"]
[EventCountry "HUN"]
[TimeControl "6000+1165"]
[WhiteClock "0:09:10"]
[BlackClock "0:15:11"]

1. e4 e6 2. d4 d5 3. Nd2 Nf6 4. e5 Nfd7 5. Bd3 c5 6. c3 Nc6 7. Ne2 cxd4 8. cxd4
f6 9. exf6 Nxf6 10. O-O Bd6 11. Nf3 Qc7 12. Nc3 a6 13. Bd2 O-O 14. Rc1 Bd7 15.
Re1 Rad8 16. h3 b5 17. Bb1 Qa7 18. Be3 Na5 19. Ne5 Nc4 20. Bg5 h6 21. Bh4 g5
22. Bg3 Be8 23. b3 Bxe5 24. Bxe5 Nxe5 25. Rxe5 b4 26. Na4 Qf7 27. Qd2 Bxa4 28.
bxa4 Nd7 29. Re2 Rc8 30. Rce1 Rc6 31. a5 Nf6 32. Re3 Nh5 33. g3 Ng7 34. R1e2
Nf5 35. Rf3 Qc7 36. Bxf5 exf5 37. Qxb4 Rc4 38. Qb6 Qxb6 39. axb6 Rxd4 40. Re6
Kg7 41. b7 Rb4 42. Rb3 Rxb3 43. axb3 Rb8 44. Rb6 h5 45. Kf1 Kf7 46. Ke2 Ke7 47.
Rh6 g4 48. h4 Kd7 49. Rxh5 Kc6 50. Rh7 Kc5 51. h5 1-0

[Event "Duna Kupa (Nõi Nyílt Bajnokság)"]
[Site "Budapest"]
[Date "2015.09.28"]
[Round "6.7"]
[White "Juhasz, Barbara"]
[Black "Rudolf, Anna"]
[Result "0-1"]
[ECO "B01"]
[WhiteElo "2175"]
[BlackElo "2329"]
[PlyCount "74"]
[EventDate "2015.09.23"]
[EventType "swiss"]
[EventRounds "9"]
[EventCountry "HUN"]
[TimeControl "6000+1130"]
[WhiteClock "0:03:27"]
[BlackClock "0:12:34"]

1. e4 d5 2. exd5 Qxd5 3. Nc3 Qd6 4. d4 g6 5. Nb5 Qb6 6. Nf3 Bg7 7. c3 Nf6 8.
Na3 Be6 9. Nc4 Bxc4 10. Bxc4 O-O 11. O-O Nbd7 12. a4 a5 13. Re1 e6 14. Qe2 Nd5
15. Bxd5 exd5 16. Bf4 Nf6 17. Qb5 Rfe8 18. Qxb6 cxb6 19. Rxe8+ Rxe8 20. Re1 Ne4
21. Nd2 f5 22. Nf1 Re6 23. f3 Nc5 24. Rxe6 Nxe6 25. Bb8 Bh6 26. Ba7 b5 27. axb5
a4 28. c4 dxc4 29. d5 c3 30. bxc3 a3 31. Be3 a2 32. Bxh6 Nc5 33. Be3 Nd7 34. c4
a1=Q 35. c5 Qa5 36. c6 Qxb5 37. cxd7 Qxd7 0-1

[Event "Duna Kupa (Nõi Nyílt Bajnokság)"]
[Site "Budapest"]
[Date "2015.09.28"]
[Round "6.8"]
[White "Szalanczy, Emil"]
[Black "Halak, Miklos"]
[Result "0-1"]
[ECO "B06"]
[WhiteElo "2280"]
[BlackElo "2253"]
[PlyCount "120"]
[EventDate "2015.09.23"]
[EventType "swiss"]
[EventRounds "9"]
[EventCountry "HUN"]
[TimeControl "6000+680"]
[WhiteClock "0:03:36"]
[BlackClock "0:22:44"]

1. e4 g6 2. d4 Bg7 3. Nc3 d6 4. Be3 Nd7 5. Nf3 e5 6. dxe5 Nxe5 7. Nxe5 Bxe5 8.
Qd2 a6 9. Bc4 Be6 10. Bb3 Qd7 11. O-O Ne7 12. f4 Bg7 13. Bd4 Bxd4+ 14. Qxd4
O-O-O 15. Qf6 Bxb3 16. axb3 Qe6 17. Qd4 Nc6 18. Qf2 f5 19. Ra4 fxe4 20. Nxe4
Rhf8 21. Ng5 Qd7 22. Re4 Rde8 23. Qe3 Rxe4 24. Qxe4 Re8 25. Qd3 h6 26. Nf3 Qg4
27. g3 Nb4 28. Qd2 Re4 29. c3 Nc6 30. Kg2 Qe6 31. Re1 Rxe1 32. Qxe1 Qxb3 33.
Qe8+ Nd8 34. Qxg6 Qxb2+ 35. Kh3 Qxc3 36. Nh4 Qh8 37. Nf5 a5 38. Ne7+ Kd7 39.
Nd5 Qf8 40. Nf6+ Ke7 41. Nd5+ Kd7 42. Nf6+ Ke7 43. Ng8+ Kd7 44. Nxh6 a4 45. Ng8
Qf7 46. Qg4+ Kc6 47. Qf3+ Kb6 48. Nh6 Qh7 49. Qe3+ c5 50. f5 Nf7 51. Kg2 Qxh6
52. Qd3 Qf6 53. h4 Qb2+ 54. Kh3 a3 55. Qd5 a2 56. Qxf7 a1=Q 57. h5 Qe2 58. Kh4
Qd4+ 59. Kg5 Qeg4+ 60. Kh6 Qh8+ 0-1

[Event "Duna Kupa (Nõi Nyílt Bajnokság)"]
[Site "Budapest"]
[Date "2015.09.28"]
[Round "6.9"]
[White "Bodi, Tibor"]
[Black "Kormos, Adam"]
[Result "0-1"]
[ECO "B06"]
[WhiteElo "2261"]
[BlackElo "2116"]
[PlyCount "154"]
[EventDate "2015.09.23"]
[EventType "swiss"]
[EventRounds "9"]
[EventCountry "HUN"]
[TimeControl "6000+890"]
[WhiteClock "0:53:45"]
[BlackClock "0:04:11"]

1. e4 g6 2. d4 Bg7 3. Nc3 d6 4. Be3 a6 5. a4 Nf6 6. Be2 O-O 7. h3 b6 8. Bf3 e5
9. dxe5 dxe5 10. Qxd8 Rxd8 11. Be2 Bb7 12. f3 Nc6 13. Bc4 Nd4 14. Rc1 Bc6 15.
Nge2 b5 16. axb5 axb5 17. Bxd4 exd4 18. Nxb5 Bxb5 19. Bxb5 Rab8 20. Bd3 Rxb2
21. Kf2 c5 22. Rb1 Rdb8 23. Rxb2 Rxb2 24. Ra1 Bh6 25. Ra8+ Kg7 26. Rc8 Be3+ 27.
Kg3 Nd7 28. f4 g5 29. Rc7 gxf4+ 30. Nxf4 Bxf4+ 31. Kxf4 Nf8 32. Kf5 Ne6 33. Rc8
Ra2 34. g4 h6 35. e5 Ra1 36. Ke4 Re1+ 37. Kd5 Nf4+ 38. Kxc5 Nxd3+ 39. Kxd4 Nxe5
40. c4 f6 41. c5 Rd1+ 42. Ke4 Rh1 43. c6 Rxh3 44. c7 Rc3 45. Kd5 Nxg4 46. Kd6
Ne5 47. Ke7 h5 48. Kd8 h4 49. Ra8 h3 50. Ra3 Rxc7 51. Rg3+ Kf7 52. Kxc7 h2 53.
Rh3 Nf3 54. Kd6 f5 55. Rxf3 h1=Q 56. Rxf5+ Kg6 57. Re5 Qd1+ 58. Ke6 Qd4 59. Rd5
Qe4+ 60. Kd6 Kf6 61. Kc5 Ke6 62. Rd4 Qe3 63. Kc4 Ke5 64. Rd5+ Ke4 65. Rc5 Qd3+
66. Kb4 Kd4 67. Rc6 Qb1+ 68. Ka4 Kd5 69. Rc7 Qb2 70. Ka5 Qb3 71. Ka6 Qb4 72.
Rb7 Qa4+ 73. Kb6 Kd6 74. Rb8 Qb4+ 75. Ka7 Qa5+ 76. Kb7 Kd7 77. Rh8 Qb4+ 0-1

[Event "Duna Kupa (Nõi Nyílt Bajnokság)"]
[Site "Budapest"]
[Date "2015.09.28"]
[Round "6.10"]
[White "Polyik, Peter"]
[Black "Balint, Vilmos"]
[Result "0-1"]
[ECO "A40"]
[WhiteElo "2178"]
[BlackElo "2288"]
[PlyCount "114"]
[EventDate "2015.09.23"]
[EventType "swiss"]
[EventRounds "9"]
[EventCountry "HUN"]
[TimeControl "6000+845"]
[WhiteClock "0:33:59"]
[BlackClock "0:58:40"]

1. d4 e6 2. c4 b6 3. e4 Bb4+ 4. Nc3 Bb7 5. Bd3 f5 6. Qh5+ Kf8 7. Qe2 Nf6 8. f3
fxe4 9. fxe4 Bxc3+ 10. bxc3 Nxe4 11. Nf3 Nf6 12. O-O Qe7 13. Ne5 d6 14. Bh6 Ke8
15. Rxf6 dxe5 16. Qh5+ g6 17. Bxg6+ hxg6 18. Qxg6+ Kd8 19. Rxe6 Be4 20. Qg4 Qd7
21. Qg5+ Kc8 22. Qxe5 Rxh6 23. Rxh6 Qg4 24. Qg3 Qxg3 25. hxg3 Kb7 26. Re1 Bd3
27. c5 bxc5 28. Rd1 c4 29. Rd2 Nd7 30. Re6 Rf8 31. Rf2 Rg8 32. Rf3 Nb6 33. Re5
Na4 34. Kf2 Nxc3 35. a3 Rg4 36. Rf4 Rg6 37. g4 Nb1 38. Ke3 Nxa3 39. g5 Rd6 40.
d5 Nc2+ 41. Kd2 Nb4 42. Rf6 Rxd5 43. Rxd5 Nxd5 44. Rh6 Ne7 45. Kc3 a5 46. g4
Ng6 47. Rh2 Nf4 48. Rh6 c6 49. Rh2 Kb6 50. Rb2+ Kc5 51. Ra2 Nd5+ 52. Kd2 Kb4
53. Rb2+ Ka3 54. Rb8 Be4 55. g6 c3+ 56. Kc1 Bxg6 57. g5 Nb4 0-1

[Event "Duna Kupa (Nõi Nyílt Bajnokság)"]
[Site "Budapest"]
[Date "2015.09.28"]
[Round "6.11"]
[White "Goczo, Melinda"]
[Black "Marosi, Levente"]
[Result "0-1"]
[ECO "E67"]
[WhiteElo "2280"]
[BlackElo "2212"]
[PlyCount "100"]
[EventDate "2015.09.23"]
[EventType "swiss"]
[EventRounds "9"]
[EventCountry "HUN"]
[TimeControl "6000+1030"]
[WhiteClock "0:32:37"]
[BlackClock "0:22:35"]

1. d4 Nf6 2. c4 g6 3. Nf3 Bg7 4. g3 O-O 5. Bg2 d6 6. O-O Nbd7 7. Nc3 e5 8. Qc2
exd4 9. Nxd4 Re8 10. Rd1 a5 11. e4 Nc5 12. f3 Nfd7 13. b3 Na6 14. a3 Ndc5 15.
Rb1 Ne6 16. Ndb5 c6 17. Rxd6 Qe7 18. Qd1 Rd8 19. Bf4 Rxd6 20. Bxd6 Qd8 21. e5
cxb5 22. cxb5 Nac7 23. f4 Nxb5 24. Ne4 Bd7 25. Rb2 Bc6 26. Rd2 Bxe4 27. Bxe4
Qb6+ 28. Kg2 Nc3 29. Qf3 Nxe4 30. Qxe4 Qc6 31. Rd5 Rc8 32. Kh3 Nc7 33. Bxc7
Rxc7 34. Rd8+ Bf8 35. Qd3 Rc8 36. Rd7 Qe6+ 37. Kg2 Bxa3 38. Rxb7 Bb4 39. Rd7
Rc2+ 40. Qxc2 Qxd7 41. Qe4 Kg7 42. Qc4 Qe6 43. Qd3 Qf5 44. Qd4 Kh6 45. Qc4 Kg7
46. Qd4 Qe6 47. Qd3 h6 48. h3 Qc6+ 49. Kh2 Qc3 50. Qd5 Qd2+ 0-1

[Event "Duna Kupa (Nõi Nyílt Bajnokság)"]
[Site "Budapest"]
[Date "2015.09.28"]
[Round "6.12"]
[White "Vegh, Endre"]
[Black "Boguszlavszkij, Jevgenyij"]
[Result "1/2-1/2"]
[ECO "D35"]
[WhiteElo "2259"]
[BlackElo "2204"]
[PlyCount "35"]
[EventDate "2015.09.23"]
[EventType "swiss"]
[EventRounds "9"]
[EventCountry "HUN"]
[TimeControl "6000+1440"]
[WhiteClock "0:39:47"]
[BlackClock "1:12:09"]

1. d4 d5 2. c4 e6 3. Nc3 Nf6 4. cxd5 exd5 5. Bg5 c6 6. e3 Nbd7 7. Qc2 Be7 8.
Bd3 Nf8 9. Nf3 Ng6 10. O-O O-O 11. Bxf6 Bxf6 12. b4 a6 13. a4 Be7 14. b5 Bd6
15. bxc6 bxc6 16. h3 f5 17. Ne2 Bd7 18. Rab1 1/2-1/2

[Event "Duna Kupa (Nõi Nyílt Bajnokság)"]
[Site "Budapest"]
[Date "2015.09.28"]
[Round "6.13"]
[White "Havanecz, Bianka"]
[Black "Laza, Szabolcs"]
[Result "1-0"]
[ECO "D10"]
[WhiteElo "2252"]
[BlackElo "2150"]
[PlyCount "77"]
[EventDate "2015.09.23"]
[EventType "swiss"]
[EventRounds "9"]
[EventCountry "HUN"]
[TimeControl "6000+830"]
[WhiteClock "0:07:12"]
[BlackClock "0:02:55"]

1. d4 d5 2. c4 c6 3. cxd5 cxd5 4. Bf4 Nc6 5. e3 Nf6 6. Nc3 a6 7. Bd3 e6 8. h3
Be7 9. Nf3 O-O 10. O-O Nh5 11. Bh2 f5 12. Rc1 Nf6 13. a3 Ne4 14. Ne2 Qb6 15.
Rc2 Bd7 16. Qb1 Rac8 17. b4 Na7 18. Rfc1 Bd6 19. Bxd6 Qxd6 20. Ne5 Ba4 21. Rxc8
Rxc8 22. Rxc8+ Nxc8 23. Qc1 Na7 24. f3 Nf6 25. Qc5 Qxc5 26. dxc5 Nd7 27. Nxd7
Bxd7 28. Nc3 Bb5 29. Bc2 Bc4 30. a4 Kf7 31. Kf2 Kf6 32. g4 d4 33. exd4 Nc6 34.
b5 Nxd4 35. c6 bxc6 36. b6 c5 37. a5 Bd5 38. Nxd5+ exd5 39. Ba4 1-0

[Event "Duna Kupa (Nõi Nyílt Bajnokság)"]
[Site "Budapest"]
[Date "2015.09.28"]
[Round "6.14"]
[White "Berta, Sandor"]
[Black "Erdos, Boglarka"]
[Result "1-0"]
[ECO "B28"]
[WhiteElo "2051"]
[BlackElo "2186"]
[PlyCount "119"]
[EventDate "2015.09.23"]
[EventType "swiss"]
[EventRounds "9"]
[EventCountry "HUN"]
[TimeControl "6000+1630"]
[WhiteClock "0:01:44"]
[BlackClock "0:06:46"]

1. e4 c5 2. Nf3 a6 3. c3 e6 4. d4 d5 5. exd5 exd5 6. Nbd2 cxd4 7. Nxd4 Bd6 8.
Bd3 Ne7 9. O-O Qc7 10. Qh5 Nbc6 11. Nxc6 g6 12. Qh4 Nxc6 13. Re1+ Be6 14. Bxg6
Kd7 15. Bh5 Rag8 16. Nf3 Ne7 17. Kh1 Ng6 18. Qf6 Be7 19. Qd4 Bc5 20. Qa4+ Kc8
21. Be3 Bd7 22. Qb3 Nf4 23. Bxf4 Qxf4 24. Qxd5 Bxf2 25. Re4 Qc7 26. Ne5 Be6 27.
Qd2 Bc5 28. Nc4 Rd8 29. Qf4 Qxf4 30. Rxf4 b5 31. Na5 Rd2 32. b4 Bd6 33. Rff1
Bd5 34. Bg4+ Kc7 35. Bf3 Bxa2 36. Nb7 Be5 37. Nc5 Kb6 38. Rxa2 Rxa2 39. Nd7+
Kc7 40. Nxe5 Rc2 41. Nxf7 Rg8 42. Re1 Kd7 43. Ne5+ Kd6 44. Ng4 Re8 45. Rd1+ Ke6
46. h3 Rf8 47. Ra1 Rxc3 48. Rxa6+ Kf5 49. Rb6 Kf4 50. Kh2 Rf5 51. Nf6 Rb3 52.
Nd5+ Kg5 53. Rxb5 Rb2 54. Kg3 Re5 55. Rb6 Re8 56. Rb7 Kh6 57. b5 Rg8+ 58. Kf4
Rf2 59. Ke3 Rb2 60. Ke4 1-0

[Event "Duna Kupa (Nõi Nyílt Bajnokság)"]
[Site "Budapest"]
[Date "2015.09.28"]
[Round "6.15"]
[White "Terbe, Julianna"]
[Black "Dudas, Eszter"]
[Result "1/2-1/2"]
[ECO "C03"]
[WhiteElo "2233"]
[BlackElo "2145"]
[PlyCount "54"]
[EventDate "2015.09.23"]
[EventType "swiss"]
[EventRounds "9"]
[EventCountry "HUN"]
[TimeControl "6000+895"]
[WhiteClock "0:18:30"]
[BlackClock "0:19:50"]

1. e4 e6 2. d4 d5 3. Nd2 a6 4. Ngf3 c5 5. dxc5 Bxc5 6. Bd3 Nc6 7. O-O Nge7 8.
a3 Ba7 9. Qe2 O-O 10. c4 Ng6 11. Nb3 dxc4 12. Bxc4 Nce5 13. Nxe5 Nxe5 14. Bf4
Qf6 15. Bxe5 Qxe5 16. Kh1 b5 17. Bd3 Qb8 18. f4 e5 19. f5 f6 20. Rf3 Bd7 21.
Rg3 Qe8 22. Bb1 Kh8 23. Ba2 Qe7 24. Rd1 Rfd8 25. Nc1 Be8 26. Bd5 Rac8 27. Nd3
a5 1/2-1/2

[Event "Duna Kupa (Nõi Nyílt Bajnokság)"]
[Site "Budapest"]
[Date "2015.09.28"]
[Round "6.16"]
[White "Marta, Dominik"]
[Black "Keschitz, Gyorgy"]
[Result "0-1"]
[ECO "A05"]
[WhiteElo "2009"]
[BlackElo "2260"]
[PlyCount "126"]
[EventDate "2015.09.23"]
[EventType "swiss"]
[EventRounds "9"]
[EventCountry "HUN"]
[TimeControl "6000+860"]
[WhiteClock "0:32:41"]
[BlackClock "0:07:56"]

1. Nf3 Nf6 2. g3 g6 3. Bg2 Bg7 4. O-O O-O 5. d4 d6 6. a4 a5 7. Nc3 c6 8. e4 Na6
9. Ne1 Bg4 10. f3 Be6 11. f4 Bc4 12. Rf2 e5 13. Be3 Ng4 14. Qxg4 exd4 15. Bd2
dxc3 16. Bxc3 Bxc3 17. bxc3 Nc5 18. f5 h5 19. Qf4 g5 20. Qf3 f6 21. Qxh5 Rf7
22. h4 Rh7 23. Qg4 Bf7 24. hxg5 Bh5 25. Qf4 fxg5 26. Qe3 Qf6 27. Qd4 Qe5 28.
Qxe5 dxe5 29. Rd2 Kf8 30. Kf2 Bg4 31. Bf3 Rh2+ 32. Ke3 Rxd2 33. Kxd2 Bxf3 34.
Nxf3 Nxe4+ 35. Ke3 Nxg3 36. Rg1 Nxf5+ 37. Ke4 Nd6+ 38. Kxe5 Ke7 39. Nxg5 Rg8
40. Kd4 Kd7 41. Nf3 Rxg1 42. Nxg1 Nc8 43. Kc4 Nb6+ 44. Kb3 Kd6 45. Nf3 Nd7 46.
Nd4 Nc5+ 47. Ka3 Kd5 48. Nf5 Kc4 49. Nd6+ Kxc3 50. Ka2 Kb4 51. Nf7 Nxa4 52. Nd6
b5 53. Nb7 Nc3+ 54. Ka1 a4 55. Nd8 Kc5 56. Nb7+ Kd5 57. Kb2 b4 58. Na5 c5 59.
Nb7 c4 60. Na5 Nb5 61. Ka2 Nd6 62. c3 bxc3 63. Ka3 Kc5 0-1

[Event "Duna Kupa (Nõi Nyílt Bajnokság)"]
[Site "Budapest"]
[Date "2015.09.28"]
[Round "6.17"]
[White "Piroska, Istvan"]
[Black "Rezsek, Gyozo"]
[Result "1/2-1/2"]
[ECO "B56"]
[WhiteElo "2065"]
[BlackElo "2015"]
[PlyCount "42"]
[EventDate "2015.09.23"]
[EventType "swiss"]
[EventRounds "9"]
[EventCountry "HUN"]
[TimeControl "6000+1020"]
[WhiteClock "0:59:22"]
[BlackClock "0:18:52"]

1. e4 c5 2. Nf3 d6 3. d4 Nf6 4. Nc3 cxd4 5. Nxd4 Nc6 6. Nb3 e5 7. f3 Be7 8. Be3
O-O 9. Be2 a5 10. a4 Nb4 11. Qd2 Be6 12. O-O d5 13. Nxd5 Nfxd5 14. exd5 Nxd5
15. Bf2 Bg5 16. Qd3 Nf4 17. Qd1 Qxd1 18. Bxd1 Bc4 19. Re1 Bxb3 20. cxb3 Nd3 21.
Re2 Nxf2 1/2-1/2

[Event "Duna Kupa (Nõi Nyílt Bajnokság)"]
[Site "Budapest"]
[Date "2015.09.28"]
[Round "6.18"]
[White "Bodrogi, Mihaly"]
[Black "Toth-Katona, Tamas"]
[Result "1-0"]
[ECO "D45"]
[WhiteElo "2044"]
[BlackElo "1979"]
[PlyCount "37"]
[EventDate "2015.09.23"]
[EventType "swiss"]
[EventRounds "9"]
[EventCountry "HUN"]
[TimeControl "6000+325"]
[WhiteClock "1:10:01"]
[BlackClock "1:04:32"]

1. d4 d5 2. Nf3 Nf6 3. c4 c6 4. e3 e6 5. Nc3 Nbd7 6. Qc2 dxc4 7. Bxc4 b5 8. Bd3
Bb7 9. O-O Bd6 10. Nd2 O-O 11. Nce4 Be7 12. Nb3 Nxe4 13. Bxe4 Nf6 14. Bf3 Qb6
15. Bd2 a5 16. Rac1 Nd5 17. Nc5 Bc8 18. a3 Ba6 19. Nd7 1-0

[Event "Duna Kupa (Nõi Nyílt Bajnokság)"]
[Site "Budapest"]
[Date "2015.09.28"]
[Round "6.19"]
[White "Terbe, Zsuzsanna"]
[Black "Heyl, Thomas"]
[Result "1/2-1/2"]
[ECO "B22"]
[WhiteElo "2087"]
[BlackElo "1975"]
[PlyCount "207"]
[EventDate "2015.09.23"]
[EventType "swiss"]
[EventRounds "9"]
[EventCountry "HUN"]
[TimeControl "6000+895"]
[WhiteClock "0:02:30"]
[BlackClock "0:04:18"]

1. e4 c5 2. c3 d5 3. exd5 Qxd5 4. d4 Nf6 5. Nf3 e6 6. Na3 Nc6 7. Be3 cxd4 8.
Nb5 Qd8 9. Nbxd4 Bd7 10. Bd3 Be7 11. O-O O-O 12. Qc2 Rc8 13. Nxc6 Bxc6 14. Ne5
Qa5 15. Bd4 h6 16. Rfe1 Rfd8 17. Qe2 Qd5 18. f3 Bc5 19. Bxc5 Qxc5+ 20. Kh1 Qe7
21. Rad1 Nd7 22. Nxc6 Rxc6 23. Be4 Rc7 24. Qd3 Rdc8 25. Qe3 b6 26. Rd2 Ne5 27.
Rd4 Rd8 28. Bc2 Rxd4 29. Qxd4 Nc4 30. Rd1 g6 31. b3 Na5 32. Be4 Kh7 33. h3 Nc6
34. Qd2 Ne5 35. Qf4 Qg5 36. Qxg5 hxg5 37. c4 Kg7 38. Kg1 Kf6 39. Kf2 Ke7 40.
Ke3 f5 41. Bb1 a5 42. Rc1 Rc5 43. Kd4 Nc6+ 44. Kc3 Re5 45. Kd2 Nd4 46. Bd3 Kd6
47. Kc3 Ne2+ 48. Bxe2 Rxe2 49. Rc2 Re3+ 50. Kd2 f4 51. Rc3 Re5 52. a3 Kc5 53.
Rd3 a4 54. Rc3 axb3 55. Rxb3 Kxc4 56. Rxb6 Ra5 57. Rxe6 Rxa3 58. Ke2 Ra2+ 59.
Kf1 Ra1+ 60. Kf2 Ra2+ 61. Kg1 Ra1+ 62. Kh2 Kd4 63. Rxg6 Ra5 64. Re6 Ra8 65.
Re4+ Kd5 66. Re2 Kd4 67. Kg1 Kd5 68. Kf2 Ra7 69. g3 Rh7 70. Kg2 fxg3 71. Kxg3
Rg7 72. Kg4 Rf7 73. Re3 Rh7 74. Re8 Rf7 75. Re4 Rf8 76. Re7 Kd4 77. Re1 Kd5 78.
Re2 Rg8 79. Re4 Rf8 80. Re3 Kd4 81. Re7 Kd5 82. Kxg5 Rxf3 83. h4 Kd6 84. Re4
Rg3+ 85. Kh6 Kd7 86. h5 Rg2 87. Re5 Kd6 88. Re1 Kd7 89. Kh7 Rg3 90. Re5 Rg2 91.
h6 Rg3 92. Re4 Rg2 93. Re3 Rg1 94. Re2 Rg3 95. Kh8 Rg1 96. h7 Rg3 97. Re4 Rg1
98. Ra4 Ke7 99. Ra8 Kf7 100. Rg8 Rf1 101. Rg3 Kf8 102. Rg8+ Kf7 103. Ra8 Rf2
104. Ra7+ {Rf1} 1/2-1/2

[Event "Duna Kupa (Nõi Nyílt Bajnokság)"]
[Site "Budapest"]
[Date "2015.09.28"]
[Round "6.20"]
[White "Vargyas, Zoltan"]
[Black "Szente Varga, Fruzsina"]
[Result "1-0"]
[ECO "E64"]
[WhiteElo "2094"]
[BlackElo "2240"]
[PlyCount "134"]
[EventDate "2015.09.23"]
[EventType "swiss"]
[EventRounds "9"]
[EventCountry "HUN"]
[TimeControl "6000+1175"]
[WhiteClock "0:05:18"]
[BlackClock "0:01:46"]

1. d4 Nf6 2. c4 g6 3. Nc3 Bg7 4. Nf3 d6 5. g3 O-O 6. Bg2 c5 7. dxc5 dxc5 8. Be3
Nfd7 9. O-O Nc6 10. Qd2 Nb6 11. b3 Qxd2 12. Bxd2 Bg4 13. Rac1 Rfd8 14. Be3 Nd4
15. h3 Bxf3 16. exf3 a5 17. f4 Rd7 18. Bxd4 cxd4 19. Nb5 Rc8 20. Rfd1 Rc5 21.
Rd3 Nd5 22. Bxd5 Rdxd5 23. Rcd1 Rd8 24. Nxd4 Bxd4 25. Rxd4 Rxd4 26. Rxd4 e6 27.
Kf1 Kf8 28. Rd7 b5 29. cxb5 Rxb5 30. Ra7 g5 31. fxg5 Rxg5 32. Ke2 Rd5 33. Ke3
Kg7 34. Rb7 Kg6 35. a4 Rd1 36. h4 h6 37. Ke4 Rd2 38. Ke3 Rd1 39. Rb5 Rb1 40.
Kd3 Rb2 41. Kc4 Rc2+ 42. Kd4 Rxf2 43. Rxa5 Rf3 44. h5+ Kf6 45. b4 Rxg3 46. b5
e5+ 47. Kc4 Rg4+ 48. Kc5 e4 49. Kd4 Ke7 50. b6 Kd7 51. Rb5 Kc8 52. a5 Kb8 53.
a6 e3+ 54. Kxe3 Ra4 55. a7+ Kb7 56. Kd3 f5 57. Ke3 Re4+ 58. Kf2 Rf4+ 59. Kg2
Rg4+ 60. Kf3 Ra4 61. Ke2 Ra3 62. Kd2 f4 63. Ke2 Re3+ 64. Kf2 Ra3 65. Rb4 Ra5
66. Kf3 Rf5 67. Ra4 Rf8 1-0